 Dungeon Crawl Stone Soup version 0.31.0-12-g77e489cdc1 (webtiles) character file.

Game seed: 11158873732663442075

96354 GeoRichter the Marksfrog (level 16, -9/141 HPs)
             Began as a Barachi Hunter on Mar 4, 2024.
             Was an Elder of Ashenzari.
             Succumbed to a nagaraja's bolt of poison
             ... on level 2 of the Snake Pit.
             The game lasted 00:52:41 (22086 turns).

GeoRichter the Marksfrog (Barachi Hunter)          Turns: 22086, Time: 00:52:41

Health: -9/141     AC: 20    Str: 16    XL:     16   Next: 16%
Magic:  1/16       EV: 18    Int:  5    God:    Ashenzari [****..]
Gold:   1258       SH:  0    Dex: 24    Spells: 15/15 levels left

rFire   + + .        Q - +8 longbow (flame)
rCold   + . .        (shield currently unavailable)
rNeg    + . .        e - +0 fire dragon scales
rPois   +            k - +2 helmet of the Mantic God {Comp, Melee} (curse)
rElec   +            a - +0 cloak "Ruined Together" {Melee, Dev} (curse)
rCorr   .            r - +0 pair of gloves of Ashenzari's Oblivion {Melee, Bglg} (curse)
SInv    +            U - +0 pair of boots "Manifest Water Diviner" {+Blink rPois Str+3 Dex-2, Fort, Range} (curse)
Will    ++...        R - amulet "Mushrep" {Spirit rC++ Int-5 Dex+3}
Stlth   ++++++       N - ring of the Unmoving One {rElec rN+ Slay+2 Stlth+, Fort, Cun} (curse)
HPRegen 0.43/turn    I - ring of the Oracular God {Will+, Self, Cun} (curse)
MPRegen 0.15/turn

%: clarity, guardian spirit
@: lethally poisoned (-9 -> -83), hasted, quick
A: amphibious, slowness 1, strong legs 2, +LOS
a: Hop, Renounce Religion, Evoke Blink, Curse Item, Shatter the Chains


You were on level 2 of the Snake Pit.
You worshipped Ashenzari.
Ashenzari was greatly pleased with you.
You visited 4 branches of the dungeon, and saw 24 of its levels.
You also visited: Bailey.

You collected 3178 gold pieces.
You spent 1920 gold pieces at shops.

Inventory:

Hand Weapons
 v - a +0 arbalest of chaos
   (You took it off an orc warrior on level 7 of the Dungeon)
 Q - a +8 longbow of flaming (weapon)
   (You acquired it on level 1 of the Dungeon)
Missiles
 x - 2 curare-tipped darts {!f}
 G - 5 throwing nets {!f}
Armour
 a - the cursed +0 cloak "Ruined Together" (worn) {Melee, Dev}
   (You found it on level 8 of the Dungeon)

   It has a curse which improves the following skills: Melee Combat: Short
   Blades, Long Blades, Axes, Maces & Flails, Polearms, Staves and Unarmed
   Combat.
   Devices:   Evocations and Shapeshifting.
 e - +0 fire dragon scales (worn)
   (You found it on level 5 of the Lair of Beasts)
 k - the cursed +2 helmet of the Mantic God (worn) {Comp, Melee}
   (You found it on level 1 of the Dungeon)

   It has a curse which improves the following skills: Companions: Summonings
   and Necromancy.
   Melee Combat: Short Blades, Long Blades, Axes, Maces & Flails, Polearms,
   Staves and Unarmed Combat.
 r - the cursed +0 pair of gloves of Ashenzari's Oblivion (worn) {Melee, Bglg}
   (You found it on level 3 of the Dungeon)

   It has a curse which improves the following skills: Melee Combat: Short
   Blades, Long Blades, Axes, Maces & Flails, Polearms, Staves and Unarmed
   Combat.
   Beguiling: Hexes and Translocations.
 M - +0 acid dragon scales
   (You found it on level 10 of the Dungeon)
 U - the cursed +0 pair of boots "Manifest Water Diviner" (worn) {+Blink rPois Str+3 Dex-2, Fort, Range}
   (You acquired it on level 12 of the Dungeon)

   Str+3:     It affects your strength (+3).
   Dex-2:     It affects your dexterity (-2).
   rPois:     It protects you from poison +Blink: It lets you blink.
   It has a curse which improves the following skills: Fortitude: Armour and
   Shields.
   Ranged Combat: Ranged Weapons and Throwing.
Jewellery
 I - the cursed ring of the Oracular God (right hand) {Will+, Self, Cun}
   (You found it on level 2 of the Lair of Beasts)

   [ring of willpower]

   Will+:     It increases your willpower.
   It has a curse which improves the following skills: Introspection: Fighting
   and Spellcasting.
   Cunning:   Dodging and Stealth.
 N - the cursed ring of the Unmoving One (left hand) {rElec rN+ Slay+2 Stlth+, Fort, Cun}
   (You acquired it on level 11 of the Dungeon)

   [ring of positive energy]

   Slay+2:    It affects your accuracy & damage with ranged weapons and melee
   (+2).
   rElec:     It insulates you from electricity.
   rN+:       It protects you from negative energy.
   Stlth+:    It makes you more stealthy.
   It has a curse which improves the following skills: Fortitude: Armour and
   Shields.
   Cunning:   Dodging and Stealth.
 R - the amulet "Mushrep" (around neck) {Spirit rC++ Int-5 Dex+3}
   (You acquired it on level 1 of the Dungeon)

   [amulet of guardian spirit]

   Spirit:    It causes incoming damage to be divided between your reserves of
   health and magic.
   Int-5:     It affects your intelligence (-5).
   Dex+3:     It affects your dexterity (+3).
   rC++:      It greatly protects you from cold.
 T - the amulet "Runen" {RegenMP ^Drain rC++}
   (You acquired it on level 12 of the Dungeon)

   [amulet of magic regeneration]

   RegenMP:   It increases your rate of magic regeneration.
   rC++:      It greatly protects you from cold.
   ^Drain:    It drains your maximum health when unequipped.
Wands
 m - a wand of mindburst (39)
   (You found it on level 4 of the Dungeon)
 p - a wand of digging (1)
   (You found it on level 5 of the Dungeon)
 q - a wand of light (6)
   (You found it on level 1 of the Snake Pit)
 C - a wand of flame (8)
   (You found it on level 1 of the Snake Pit)
 H - a wand of polymorph (10)
   (You found it on level 1 of the Lair of Beasts)
 J - a wand of iceblast (10)
   (You found it on level 3 of the Lair of Beasts)
Scrolls
 b - a scroll of teleportation {@r4}
 f - 6 scrolls of revelation
 j - a scroll of summoning
 l - a scroll of immolation {!r}
 s - 3 scrolls of enchant armour
 t - 5 scrolls of noise {!r}
 y - 2 scrolls of vulnerability {!r}
 B - 2 scrolls of poison {!r}
 D - 2 scrolls of fog
 L - a scroll of brand weapon
Potions
 c - 6 potions of curing {@q1}
 d - 7 potions of enlightenment
 g - 4 potions of cancellation
 h - 2 potions of magic
 i - 2 potions of ambrosia
 n - 2 potions of heal wounds {@q2}
 o - 6 potions of brilliance
 u - 4 potions of haste {@q3}
 w - 5 potions of lignification {!q}
 A - 6 potions of mutation {!q}
 F - 3 potions of might
 S - a potion of berserk rage
Miscellaneous
 z - a phial of floods
   (You found it on level 5 of the Lair of Beasts)
 K - a phantom mirror
   (You found it on level 5 of the Lair of Beasts)


   Skills:
 + Level 15.3(17.0) Fighting
 - Level 19.2(20.8) Ranged Weapons
 * Level 10.1(12.8) Armour
 - Level 9.8(12.5) Dodging
 - Level 13.4(16.0) Stealth
 + Level 8.6(10.5) Evocations


You had 15 spell levels left.
You didn't know any spells.
Your spell library contained the following spells:

 Spells                   Type           Power      Damage    Failure   Level
 Slow                     Hex            0%         N/A       83%         1
 Magic Dart               Conj           0%         1d3       86%         1
 Shock                    Conj/Air       0%         1d3       86%         1
 Sting                    Conj/Alch      0%         1d3       86%         1
 Blink                    Tloc           0%         N/A       93%         2
 Call Imp                 Summ           0%         N/A       93%         2
 Mercury Vapours          Alch/Air       0%         N/A       95%         2
 Call Canine Familiar     Summ           0%         N/A       99%         3
 Confusing Touch          Hex            0%         N/A       99%         3
 Gell's Gravitas          Tloc           0%         N/A       99%         3
 Inner Flame              Hex/Fire       0%         N/A       99%         3
 Mephitic Cloud           Conj/Alch/Air  0%         N/A       99%         3
 Sigil of Binding         Hex            0%         N/A       99%         3
 Swiftness                Air            0%         N/A       99%         3
 Teleport Other           Tloc           0%         N/A       99%         3
 Vampiric Draining        Necr           0%         2d6       99%         3
 Airstrike                Air            0%         2d(0-16)  100%        4
 Dimensional Bullseye     Hex/Tloc       0%         N/A       100%        4
 Flame Wave               Conj/Fire      0%         2d4       100%        4
 Sticky Flame             Fire/Alch      0%         2d4       100%        4
 Freezing Cloud           Conj/Ice/Air   0%         6-21      100%        5
 Summon Mana Viper        Hex/Summ       0%         N/A       100%        5
 Dispersal                Tloc           0%         N/A       100%        6


Dungeon Overview and Level Annotations

Branches:
Dungeon (15/15) Zot: 26457  Temple (0/1) D:6            Lair (5/5) D:8 Zot: 23818
  Swamp (0/4) Lair:3        Snake (2/4) Lair:3 Zot: 10142   Slime (0/5) Lair:5
    Orc (2/2) D:11 Zot: 10243     Elf (0/3) Orc:2        Vaults (0/5) D:13
 Bailey (visited)
 Depths: D:15

Altars:
Ashenzari
Elyvilon
Gozag
Nemelex Xobeh
Sif Muna
Vehumet
Zin

Shops:
D:1 (?   D:5 *   D:8 *   D:11 [(   Orc:2 ?[[(

Annotations:
D:8 3 runed translucent doors, Lamaleuchte's ghost, novice GnSu
D:14 Roxanne
D:15 Jorgrun; Kirke


Innate Abilities, Weirdness & Mutations

You are amphibious.
You cover ground slowly.
You can hop long distances.
You have an extended range of vision and can be seen from far away.


Message History

Unknown command.
You shoot an arrow. The arrow hits the naga ritualist!!!
The arrow burns the naga ritualist.
The naga ritualist is almost dead.
You feel extremely sick.
You hear an angry hiss.
Your anaconda grabs the nagaraja.
Your anaconda bites the nagaraja.
Your anaconda constricts the nagaraja.
The black mamba bites you.
* * * LOW HITPOINT WARNING * * *
The black mamba barely misses you.
The black mamba bites you but does no damage.
The nagaraja gestures at you while chanting.
The bolt of poison hits you! You resist.
* * * LOW HITPOINT WARNING * * *
The bolt of poison hits the black mamba!
The naga ritualist barely misses you.
Your anaconda completely misses the nagaraja.
Your anaconda constricts the nagaraja.
The naga warrior roars a battlecry!
The nagas go into a battle-frenzy!
The naga warrior constricts you.
The black mamba bites you but does no damage.
The black mamba closely misses you.
The black mamba bites you but does no damage.
Okay, then.
As you read the scroll of summoning, it crumbles to dust.
Wisps of shadow whirl around you...
You feel very sick. The nagaraja casts a spell at you.
The poison arrow hits you!!
You are lethally poisoned!
You partially resist.
* * * LOW HITPOINT WARNING * * *
Your anaconda bites the nagaraja.
Your anaconda constricts the nagaraja.
The black mamba closely misses you. The black mamba barely misses you.
Your naga warrior hits the naga warrior with a +0 battleaxe!!
Your naga warrior constricts the naga warrior.
The naga warrior dies!
The black mamba closely misses you. The naga ritualist barely misses you.
The naga ritualist closely misses you.
The nagaraja gestures at you while chanting.
The bolt of poison hits you.
You are more poisoned.
You resist.
* * * LOW HITPOINT WARNING * * *
The bolt of poison hits the black mamba!
Your anaconda bites the nagaraja!
Your anaconda constricts the nagaraja.
The black mamba barely misses you. The black mamba completely misses you.
You feel yourself speed up.
You die...

,,*,,,,,,,,,***,,,,,,#....
,,,,....>*,,,,,*,,,,,,#....
**,,,..N**,,,,,,,,,,,,#....
,,,,,{..,*,,,,,*,,,,,,#....
*,,###..,**,,,,**,,,###...#
*,,#...{,,*,,,,,*####.....)
*,,*#..S,#####,###..#######
,,,,#.$.##SNS###.#.....#...
..###...#S@NN....#.).......
........SS#)##.........#...
.......####SN#...#....##...
....#.,*,,...#(..###.......
.#**#****#####.....#..#####
** #######...# #####


You could see a nagaraja (fast, strong, ally target), a naga ritualist (strong,
ally target), a guardian serpent, 3 black mambas, a friendly nagaraja
(summoned), a friendly naga warrior (summoned) and 2 friendly anacondas.

Vanquished Creatures
  A nagaraja (Snake:2)
  A minotaur (D:11)
  2 fire dragons
  Harold (Orc:1)
  5 hydras
  An ogre mage (Orc:2)
  An anaconda (Snake:1)
  4 centaur warriors
  11 death yaks
  2 naga warriors (Snake:1)
  4 boulder beetles
  2 shock serpents
  4 two-headed ogres
  3 naga sharpshooters (Snake:1)
  2 orc high priests (Orc:2)
  2 skysharks (Lair:5)
  A skeletal warrior (D:13)
  2 arcanists (D:14)
  2 lindwurms
  2 mana vipers (Snake:2)
  3 deep elf pyromancers
  8 orc knights
  8 ugly things
  2 orc sorcerers (Orc:2)
  A will-o-the-wisp (Lair:3)
  5 cyclopes
  2 salamanders
  A meliai (shapeshifter) (D:14)
  3 kobold blastminers (Orc:2)
  11 elephants
  4 manticores
  2 guardian serpents (Snake:1)
  11 black mambas
  A naga mage (Snake:1)
  2 molten gargoyles (Lair:5)
  Maggie (D:9)
  6 rime drakes
  A gargoyle (D:11)
  An unseen horror (D:12)
  A kobold demonologist (D:12)
  10 cane toads
  2 efreet (D:13)
  8 komodo dragons (Lair:5)
  5 trolls
  2 polar bears
  A hornet (D:8)
  A raiju (shapeshifter) (D:14)
  20 blink frogs
  6 dream sheep
  Sigmund (D:4)
  7 slime creatures (D:12)
  3 vampires
  A spriggan (shapeshifter) (D:13)
  53 yaks
  4 shadows
  5 wraiths
  9 wyverns
  3 steam dragons
  A warg (Orc:2)
  8 basilisks
  A redback (D:13)
  3 vampire mosquitoes (D:10)
  4 acid dragons
  11 nagas
  15 water moccasins
  5 hell hounds (Lair:5)
  6 ice beasts
  22 orc warriors
  3 sky beasts (D:7)
  A black bear (D:5)
  2 laughing skulls (D:14)
  4 ogres
  A tengu (Lair:5)
  7 wolves
  9 centaurs
  4 kobold brigands
  2 phantoms (D:5)
  14 bullfrogs
  A brain worm (Lair:2)
  3 gnoll sergeants
  5 scorpions
  12 wights
  13 killer bees
  3 howler monkeys
  2 bombardier beetles
  5 lava snakes (Lair:5)
  16 jellies
  6 hounds
  12 orc priests
  A sleepcap (D:5)
  An iguana (D:6)
  27 orc wizards
  20 gnolls
  10 adders
  A white imp (D:5)
  An ufetubus (D:5)
  3 dart slugs
  2 ribbon worms (D:5)
  76 orcs
  9 endoplasms
  10 giant cockroaches
  15 goblins
  6 hobgoblins
  11 jackals
  3 quokkas
  9 ball pythons
  8 bats
  5 frilled lizards
  26 kobolds
  4 rats (D:3)
717 creatures vanquished.

Vanquished Creatures (collateral kills)
  A naga warrior (Snake:2)
1 creature vanquished.

Vanquished Creatures (others)
  An orc high priest (Orc:2)
  A deep elf pyromancer (D:14)
  An orc warrior (Orc:1)
  An orc wizard (Orc:2)
  4 foxfires (Lair:3)
8 creatures vanquished.

Grand Total: 726 creatures vanquished

Notes
Turn   | Place    | Note
-------+----------+-------------------------------------------
     0 | D:1      | GeoRichter the Barachi Hunter began the quest for the Orb.
     0 | D:1      | Reached XP level 1. HP: 17/17 MP: 1/1
    49 | D:1      | Reached XP level 2. HP: 23/23 MP: 2/2
    68 | D:1      | Found Vuhaal's Magic Scroll Boutique.
   219 | D:1      | Reached XP level 3. HP: 29/29 MP: 3/3
   485 | D:1      | Found Funeek's Weapon Shoppe.
   615 | D:1      | Bought a scroll of identify for 24 gold pieces
   615 | D:1      | Bought a scroll of identify for 24 gold pieces
   784 | D:2      | Reached skill level 5 in Ranged Weapons
   839 | D:2      | Reached XP level 4. HP: 35/35 MP: 4/4
  1977 | D:3      | Found a faded altar of an unknown god.
  2073 | D:3      | Reached XP level 5. HP: 42/42 MP: 5/5
  2359 | D:4      | Noticed Sigmund
  2390 | D:4      | Reached skill level 6 in Ranged Weapons
  2390 | D:4      | Killed Sigmund
  2391 | D:4      | Reached skill level 5 in Fighting
  2391 | D:4      | Reached XP level 6. HP: 26/51 MP: 6/6
  2460 | D:4      | Found a broken altar of Ashenzari.
  2478 | D:4      | Became a worshipper of Ashenzari the Shackled
  2657 | D:5      | Entered Level 5 of the Dungeon
  2668 | D:5      | Reached skill level 7 in Ranged Weapons
  2668 | D:5      | Reached XP level 7. HP: 56/56 MP: 7/7
  3198 | D:5      | Reached skill level 1 in Evocations
  3352 | D:5      | Reached * piety under Ashenzari
  3361 | D:5      | Found Decwowkosh's Assorted Antiques.
  3823 | D:5      | Noticed a yak
  3835 | D:5      | Killed a yak
  3841 | D:5      | Reached skill level 8 in Ranged Weapons
  3841 | D:5      | Reached XP level 8. HP: 52/67 MP: 8/8
  4275 | D:6      | Reached skill level 9 in Ranged Weapons
  4339 | D:6      | Found a staircase to the Ecumenical Temple.
  4369 | D:6      | Reached XP level 9. HP: 49/73 MP: 9/9
  4699 | D:6      | Noticed a troll
  4728 | D:5      | Killed a troll
  4806 | D:6      | Reached skill level 5 in Evocations
  4837 | D:5      | Reached skill level 10 in Ranged Weapons
  4869 | D:6      | Reached ** piety under Ashenzari
  5464 | D:7      | Reached skill level 11 in Ranged Weapons
  5464 | D:7      | Reached XP level 10. HP: 72/85 MP: 10/10
  5522 | D:7      | Found a sparkling altar of Nemelex Xobeh.
  5546 | D:7      | Found an opulent altar of Gozag.
  6033 | D:8      | Found a runed translucent gate.
  6036 | D:8      | Found a runed translucent gate.
  6037 | D:8      | Found a runed translucent gate.
  6037 | D:8      | Noticed Lamaleuchte's ghost (novice GnSu)
  6057 | D:8      | Reached skill level 12 in Ranged Weapons
  6057 | D:8      | Found a staircase to the Lair.
  6089 | D:8      | Reached skill level 10 in Fighting
  6276 | D:8      | Paralysed by a hornet for 2 turns
  6280 | D:8      | HP: 3/88 [hornet (14)]
  6548 | D:8      | Found a glowing silver altar of Zin.
  6621 | D:8      | Found Fyfu's Assorted Antiques.
  6762 | D:9      | Found a white marble altar of Elyvilon.
  6899 | D:9      | Found a flagged portal.
  6955 | Bailey   | Entered a bailey
  7152 | Bailey   | Noticed an orc knight
  7157 | Bailey   | Killed an orc knight
  7158 | Bailey   | Reached skill level 13 in Ranged Weapons
  7247 | Bailey   | Reached XP level 11. HP: 89/89 MP: 11/11
  7422 | D:9      | Found a shimmering blue altar of Sif Muna.
  7459 | D:9      | Noticed Maggie
  7470 | D:9      | Killed Maggie
  7590 | D:9      | Identified the +1 leather armour of the Elephant {rElec
                  | Slay+2}
  8107 | D:10     | Entered Level 10 of the Dungeon
  8180 | Lair:1   | Entered Level 1 of the Lair of Beasts
  8595 | Lair:1   | Reached skill level 1 in Armour
  8906 | Lair:1   | Reached skill level 14 in Ranged Weapons
  9019 | Lair:2   | Noticed a five-headed hydra
  9024 | Lair:2   | Killed a five-headed hydra
  9255 | Lair:2   | Found a gate leading to a gauntlet.
  9265 | Lair:2   | Reached XP level 12. HP: 105/105 MP: 12/12
  9330 | Lair:2   | Reached skill level 5 in Dodging
  9354 | Lair:2   | Reached skill level 5 in Armour
  9365 | Lair:2   | Reached skill level 15 in Ranged Weapons
 10158 | Lair:3   | Noticed a death yak
 10158 | Lair:3   | Noticed a death yak
 10159 | Lair:3   | Noticed a death yak
 10159 | Lair:3   | Noticed a death yak
 10159 | Lair:3   | Noticed a death yak
 10160 | Lair:3   | Noticed a death yak
 10169 | Lair:3   | Found a staircase to the Swamp.
 10178 | Lair:2   | Killed a death yak
 10651 | Lair:3   | Noticed a seven-headed hydra
 10655 | Lair:3   | Killed a seven-headed hydra
 10656 | Lair:3   | Gained mutation: You can hop long distances. [Barachi
                  | growth]
 10656 | Lair:3   | Reached XP level 13. HP: 114/114 MP: 13/13
 10772 | Lair:3   | Reached skill level 16 in Ranged Weapons
 11063 | Lair:3   | Found a staircase to the Snake Pit.
 11154 | Lair:4   | Identified a scroll of acquirement
 11361 | Lair:4   | Reached skill level 1 in Stealth
 11467 | Lair:4   | Reached *** piety under Ashenzari
 11777 | Lair:5   | Entered Level 5 of the Lair of Beasts
 12093 | Lair:5   | Acquired a manual of Stealth
 12130 | Lair:5   | Reached skill level 17 in Ranged Weapons
 12307 | Lair:5   | Reached skill level 5 in Stealth
 12307 | Lair:5   | Reached XP level 14. HP: 69/125 MP: 14/14
 12633 | Lair:5   | Found a large runed translucent door.
 12633 | Lair:5   | Found a large runed translucent door.
 12892 | Lair:5   | Reached skill level 18 in Ranged Weapons
 13032 | Lair:5   | Found a staircase to the Slime Pits.
 14369 | D:11     | Found a runed translucent door.
 14738 | D:11     | Acquired the ring "Xugg" {rElec rN+ Slay+2 Stlth+}
 14742 | D:11     | Reached **** piety under Ashenzari
 14748 | D:11     | Found Acemula's Armour Shop.
 14763 | D:11     | Found a staircase to the Orcish Mines.
 14765 | D:11     | Found Gipilod's Weapon Shop.
 15211 | Orc:1    | Entered Level 1 of the Orcish Mines
 15256 | Orc:1    | Noticed Harold
 15261 | Orc:1    | Killed Harold
 15603 | Orc:2    | Entered Level 2 of the Orcish Mines
 15603 | Orc:2    | Found a staircase to the Elven Halls.
 16298 | Orc:2    | Reached XP level 15. HP: 107/134 MP: 15/15
 16337 | Orc:2    | Reached skill level 10 in Stealth
 16402 | Orc:2    | Found Qerukun's Magic Scroll Boutique.
 16402 | Orc:2    | Found Ufuace's Weapon Emporium.
 16404 | Orc:2    | Found Reps's Armour Boutique.
 16404 | Orc:2    | Found Xenenur's Armour Emporium.
 16659 | Orc:1    | Found Soploj's Jewellery Boutique.
 16915 | D:1      | Bought 3 scrolls of acquirement for 1872 gold pieces
 16915 | D:1      | Acquired the amulet "Mushrep" {Spirit rC++ Int-5 Dex+3}
 16917 | D:1      | Acquired the +0 pair of boots of Resourcefulness {Str+4}
 16918 | D:1      | Acquired a +8 longbow of flaming
 17440 | D:12     | Acquired 915 gold pieces
 17487 | D:12     | Acquired the +0 pair of boots of True Grit {+Blink rPois
                  | Str+3 Dex-2}
 17489 | D:12     | Acquired the amulet "Runen" {RegenMP ^Drain rC++}
 18160 | D:13     | Found a gate to the Vaults.
 18263 | D:13     | Reached skill level 15 in Fighting
 18474 | D:13     | Noticed a tengu reaver
 18795 | D:14     | Found a radiant altar of Vehumet.
 19200 | D:14     | Noticed Roxanne
 19602 | D:14     | Reached skill level 19 in Ranged Weapons
 19871 | D:15     | Entered Level 15 of the Dungeon
 19874 | D:15     | Noticed Jorgrun
 19879 | D:15     | Noticed Kirke
 20443 | Snake:1  | Entered Level 1 of the Snake Pit
 20869 | Snake:1  | Reached XP level 16. HP: 140/140 MP: 16/16
 21158 | Snake:1  | Identified Umigaane's Meditations on the Collective
                  | Catalyst
 21158 | Snake:1  | Identified the +0 leather armour "Zuhaomad" {*Corrode Int+3
                  | Dex+4}
 21159 | Snake:1  | Identified the staff "Abysyx" {rN++ Int-3 Conj Alchemy}
 21983 | Snake:2  | Noticed a nagaraja
 21992 | Snake:2  | Killed a nagaraja
 22005 | Snake:2  | Reached skill level 10 in Armour
 22074 | Snake:2  | Noticed a nagaraja
 22085 | Snake:2  | HP: 7/141 [nagaraja/bolt of poison (3)]
 22086 | Snake:2  | Succumbed to a nagaraja's bolt of poison

Illustrated notes

Levels and vault maps discovered:
D:1:      lightli_arrival_lavapool, layout_rooms, serial_forest,
          infiniplex_forest_clump_diagonal, infiniplex_forest_clump_medium,
          infiniplex_forest_clump_curved, infiniplex_forest_lined_room_2,
          infiniplex_forest_end_3, serial_shops, nicolae_shop_back_alley_shop,
          nicolae_shop_just_a_little_nook
D:2:      layout_rooms
D:3:      layout_loops_corners, shapermc_ecumenical_altar_notcrosses,
          minmay_misc_feat_chi, kennysheep_cross_bottleneck, nicolae_titane
D:4:      layout_cave_pools, mainiacjoe_overflow_small_starburst, uniq_sigmund
D:5:      cheibrodos_barr_body, layout_layer_cave, serial_shops,
          nicolae_shop_back_alley_shop, eino_tiny_chamber
D:6:      layout_rooms, minmay_temple_entry_grid
D:7:      layout_loops_ring, grunt_temple_overflow_opulence
D:8:      layout_loops_ring, zin_academy, hellmonk_lair_entry_icy, serial_shops,
          nicolae_shop_dealshenge, ebering_ghost_rock_garden
D:9:      minmay_weird_star, layout_loops_ring, jmf_multi_god_temple,
          lightli_bailey_entry_fortress, uniq_maggie
D:10:     layout_stronghold
D:11:     layout_loops_ring, orc_david_3, mainiacjoe_labyrinth_nostalgia
D:12:     layout_long_grid, lemuel_flamethrower_3
D:13:     nzn_winding_woodlands_cross [nzn_winding_woodlands_5x15_cabin,
          nzn_winding_woodlands_5x15_lazy_stream,
          nzn_winding_woodlands_5x15_sawtooth,
          nzn_winding_woodlands_5x15_pathside_ponds,
          nzn_winding_woodlands_15x15_five_gardens], layout_rooms,
          hellmonk_vaults_attempted_burglary
D:14:     layout_loops_corners, nicolae_vehumet_radiance, uniq_roxanne
D:15:     hellmonk_depths_entry_around_the_bend, layout_irregular_city,
          gammafunk_ghost_arena, minmay_misc_feat_square, serial_bayou_pond_e,
          uniq_kirke, uniq_jorgrun
Lair:1:   layout_gridlike
Lair:2:   layout_gridlike, gauntlet_entry_generic, grunt_megastairs_4
Lair:3:   layout_long_grid, minmay_swamp_entry_wisps,
          alex1729_snake_entry_snake, nicolae_volcano_entry_vermiform
Lair:4:   layout_long_grid
Lair:5:   cheibrodos_lair_end_hotspot, layout_hall_layers,
          minmay_slime_entry_jelly_boxes, chequers_serial_rivers_small_3
Snake:1:  layout_chambers, nrook_guardian_serpent_ordinary
Snake:2:  layout_honeycomb, nicolae_snake_shapes, uniq_aizul
Orc:1:    layout_caves, serial_shops, nicolae_shop_gaudy_bauble, uniq_harold
Orc:2:    grunt_orc_tribal_feast, layout_diamond_mine, special_room,
          regret_index_minedec_guest_junction

Skill      XL: |  1  2  3  4  5  6  7  8  9 10 11 12 13 14 15 16 |
---------------+-------------------------------------------------+-----
Fighting       | 3 4 5 6 7 9 10 12 13 14 15 | 15.3
Ranged Weapons | 5 6 7 8 9 11 13 14 15 17 18 19 | 19.2
Evocations     | 2 4 6 7 8 |  8.6
Armour         | 4 6 7 9 10 | 10.1
Dodging        | 4 6 9 |  9.8
Stealth        | 5 9 13 | 13.4

Action                     |  1- 3 |  4- 6 |  7- 9 | 10-12 | 13-15 | 16-18 || total
---------------------------+-------+-------+-------+-------+-------+-------++-------
   Fire: Shortbow          |   115 |   205 |   415 |       |       |       ||   735
         Arbalest          |       |       |    15 |   604 |   813 |       ||  1432
         Longbow           |       |       |       |       |   286 |    67 ||   353
 Invoke: Curse Item        |       |       |     3 |     1 |     3 |       ||     7
         Shatter the Chain |       |       |       |       |     1 |       ||     1
Ability: Hop               |       |       |     2 |     1 |     1 |       ||     4
  Evoke: Wand              |       |       |     4 |     4 |     6 |       ||    14
         Phantom mirror    |       |       |       |       |     1 |       ||     1
    Use: Scroll            |     3 |     7 |       |     3 |    13 |     3 ||    29
         Potion            |       |     1 |       |     2 |     4 |     1 ||     8
 Armour: Leather armour    |    34 |    67 |   212 |   138 |       |       ||   451
         Steam dragon scal |       |       |       |   114 |   161 |       ||   275
         Acid dragon scale |       |       |       |       |   109 |       ||   109
         Fire dragon scale |       |       |       |       |    45 |    43 ||    88
  Dodge: Dodged            |    42 |    53 |   153 |   267 |   365 |    49 ||   929
